 Dungeon Crawl Stone Soup version 0.21-a0-434-g806c6c2 (webtiles) character file.

385 Laiders the Cudgeler (level 7, -1/52 HPs)
             Began as a Formicid Fighter on Nov 8, 2017.
             Slain by a gnoll
             ... wielding a +0 spear
              (6 damage)
             ... on level 5 of the Dungeon.
             The game lasted 00:10:51 (3267 turns).

Laiders the Cudgeler (Formicid Fighter)             Turns: 3267, Time: 00:10:53

Health: -1/52      AC:  7    Str: 22    XL:     7   Next: 6%
Magic:  7/7        EV: 14    Int: 13    God:
Gold:   219        SH: 10    Dex: 15    Spells: 6/6 levels left

rFire    + . .     SeeInvis +   a - +0 flail
rCold    . . .     Gourm    .   c - +0 shield
rNeg     . . .     Faith    .   A - +2 ring mail {rF+}
rPois    .         Spirit   .   (helmet unavailable)
rElec    .         Reflect  .   v - scarf {repulsion}
rCorr    .         Harm     .   (no gloves)
MR       .....                  (no boots)
Stlth    +.........             (no amulet)
HPRegen  0.17/turn              r - +5 ring of intelligence
MPRegen  0.10/turn              (no ring)

@: agile, glowing, repel missiles
A: permanent stasis, dig shafts and tunnels, four strong arms, antennae 3
a: Dig, Shaft Self


You were on level 5 of the Dungeon.
You were very hungry.

You visited 1 branch of the dungeon, and saw 5 of its levels.

You collected 219 gold pieces.

Inventory:

Hand Weapons
 a - a +0 flail (weapon)
Missiles
 p - a throwing net (quivered)
Armour
 c - a +0 shield (worn)
 v - a scarf of repulsion (worn)
 A - a +2 ring mail of fire resistance (worn)
Jewellery
 r - a +5 ring of intelligence (left hand)
Scrolls
 b - a scroll of identify
 g - 2 scrolls of remove curse
 j - a scroll of fear
 k - 2 scrolls of immolation {unknown}
 o - 2 scrolls of magic mapping
 q - 2 scrolls of recharging
 y - a scroll of enchant armour {unknown}
Potions
 d - 2 potions of might
 e - 2 potions of curing
 h - a potion of haste {unknown}
 s - a potion of brilliance
 w - a potion of cancellation {unknown}
Comestibles
 f - a bread ration
 t - 2 meat rations
 z - a royal jelly


   Skills:
 - Level 3.2 Fighting
 * Level 5.8 Maces & Flails
 - Level 3.2 Armour
 - Level 0.4 Dodging
 - Level 0.1 Stealth
 + Level 5.7 Shields


You had 6 spell levels left.
You didn't know any spells.

Dungeon Overview and Level Annotations

Branches:
Dungeon (5/15)
 Temple: D:4-7

Altars:
Cheibriados
Hepliaklqana
Makhleb
Trog


Innate Abilities, Weirdness & Mutations

You cannot be hasted, slowed, berserked, paralysed or teleported.
You can dig through walls and to a lower floor.
Your four strong arms can wield two-handed weapons with a shield.
You have a pair of large antennae on your head. (SInv)


Message History

* * * LOW HITPOINT WARNING * * *
The gnoll shaman hits you but does no damage.
The gnoll closely misses you. You block the gnoll's attack.
You block the gnoll's attack.
You hit the gnoll shaman.
The gnoll shaman is moderately wounded.
The gnoll shaman calls upon its god to speed up the gnoll.
The gnoll seems to speed up.
You block the gnoll's attack. The gnoll closely misses you.
You barely miss the gnoll shaman.
The gnoll shaman is moderately wounded.
You block the gnoll's attack. The gnoll misses you.
The gnoll shaman closely misses you. The gnoll hits you but does no damage.
You barely miss the gnoll shaman.
The gnoll shaman is moderately wounded.
The gnoll misses you.
The gnoll shaman hits you but does no damage.
The gnoll hits you but does no damage.
The gnoll hits you from afar with a spear.
You die...

+####...##... ...
............ ....
........... .....
......... .....
......
.....######...# .
#.....##...##....
#....@gg.).......
#.....#g.........
#.....#..........
#.....#..........
#.....#..........
#....<#...###+####
.....##'########....#
.....#.......'......#
.....#.......#......#


You could see a gnoll shaman and 2 gnolls.

Vanquished Creatures
  Duvessa (D:4)
  Dowan (D:4)
  A howler monkey (D:4)
  A centaur skeleton (D:4)
  6 adders
  A gnoll (D:5)
  An ooze (D:1)
  2 worms (D:3)
  2 dart slugs
  3 leopard geckos
  3 orcs
  A ball python (D:2)
  5 giant cockroaches
  8 goblins
  8 hobgoblins
  8 jackals
  A quokka (D:3)
  4 bats
  6 frilled lizards
  11 kobolds
  6 rats
80 creatures vanquished.

Notes
Turn   | Place    | Note
-------+----------+-------------------------------------------
     0 | D:1      | Laiders the Formicid Fighter began the quest for the Orb.
     0 | D:1      | Reached XP level 1. HP: 18/18 MP: 1/1
    61 | D:1      | Reached XP level 2. HP: 19/24 MP: 2/2
   430 | D:1      | Reached XP level 3. HP: 29/29 MP: 3/3
   934 | D:2      | Reached XP level 4. HP: 3/35 MP: 4/4
  1242 | D:2      | Found a burning altar of Makhleb.
  1596 | D:2      | Found a hazy altar of Hepliaklqana.
  1885 | D:3      | Reached XP level 5. HP: 41/41 MP: 5/5
  1993 | D:3      | Found a snail-covered altar of Cheibriados.
  2272 | D:3      | Found a bloodstained altar of Trog.
  2661 | D:4      | Reached skill level 5 in Shields
  2682 | D:4      | Noticed Duvessa
  2684 | D:4      | Noticed Dowan
  2696 | D:4      | Killed Duvessa
  2696 | D:4      | Reached skill level 5 in Maces & Flails
  2696 | D:4      | Reached XP level 6. HP: 42/47 MP: 6/6
  2705 | D:4      | Killed Dowan
  2859 | D:4      | Reached XP level 7. HP: 52/52 MP: 7/7
  3217 | D:5      | Entered Level 5 of the Dungeon
  3267 | D:5      | Slain by a gnoll

Vault maps used:
D:1:      lightli_arrival_boilingwater, minmay_surrounded
D:2:      nicolae_overflow_crystal_walls, bloody_makhleb
D:3:      cheibriados_altar_1, lightli_temple_of_fire
D:4:      uniq_duvessa
D:5:      lemuel_round_altar, vehumet_altar_wand_db, nicolae_ru_awakened_eye,
          first_bread

Skill      XL: |  1  2  3  4  5 |
---------------+----------------+-----
Shields        | 4 5 |  5.7
Maces & Flails | 3 4 5 |  5.8
Fighting       | |  3.2
Armour         | |  3.2
Dodging        | |  0.4
Stealth        | |  0.1

Action                   |  1- 3 |  4- 6 |  7- 9 || total
-------------------------+-------+-------+-------++-------
Melee: Flail             |   146 |   177 |    25 ||   348
  Use: Potion            |       |     1 |     1 ||     2
       Scroll            |       |    10 |       ||    10
  Eat: Chunk             |       |     7 |       ||     7
Armor: Scale mail        |   104 |    66 |       ||   170
       Ring mail         |       |     3 |    11 ||    14
Dodge: Dodged            |    86 |    50 |    16 ||   152
Block: Shield            |   107 |    97 |    29 ||   233

Table legend:
 A = Spawn XP
 B = Non-spawn XP
 C = Spawn XP percentage of total XP
 D = Spawn monster count
 E = Non-spawn monster count
 F = Spawn count percentage of total count
 G = Total turns spent on level
                    A         B        C        D         E        F      G
               +---------+---------+-------+---------+---------+-------+---------
         Total |       0 |     550 |   0.0 |       0 |      80 |   0.0 |  3267
               +---------+---------+-------+---------+---------+-------+---------
           D:1 |       0 |      60 |   0.0 |       0 |      30 |   0.0 |   906
           D:2 |       0 |      77 |   0.0 |       0 |      27 |   0.0 |   975
           D:3 |       0 |      47 |   0.0 |       0 |      13 |   0.0 |   485
           D:4 |       0 |     352 |   0.0 |       0 |       9 |   0.0 |   851
           D:5 |       0 |      14 |   0.0 |       0 |       1 |   0.0 |    50
               +---------+---------+-------+---------+---------+-------+---------
